[Event "*** Titled Tuesday 3|2 Blitz"]
[Site "Chess.com"]
[Date "2015.06.02"]
[Round "8"]
[White "GeorgMeier"]
[Black "GMHess"]
[Result "1-0"]
[WhiteElo "2721"]
[BlackElo "2486"]
[TimeControl "180+2"]
[EndTime "12:42:13 PDT"]
[Termination "GeorgMeier won on time"]

1. Nf3 g6 2. e4 Bg7 3. d4 d6 4. Be2 Nf6 5. Nc3 O-O 6. O-O c6 7. h3 Qc7 8. Bf4 Nh5 9. Bg5 e5 10. Qd2 b5 11. Rad1 Re8 12. a3 a6 13. Rfe1 Bb7 14. g3 Nf6 15. dxe5 dxe5 16. Qd6 Qxd6 17.
Rxd6 Nfd7 18. Red1 Bc8 19. Nh2 Bf8 20. R6d2 h5 21. g4 hxg4 22. Nxg4 Be7 23. h4 Bxg5 24. hxg5 Kg7 25. Rd6 Nc5 26. Nf6 Rh8 27. Rd8 Nbd7 28.
R8xd7 Nxd7 29. Nxd7 Bxd7 30. Rxd7 Rad8 31. Rc7 Rd6 32.
Kg2 1-0

[Event "*** Titled Tuesday 3|2 Blitz"]
[Site "Chess.com"]
[Date "2015.06.02"]
[Round "8"]
[White "MrHenriksson"]
[Black "Vandros57"]
[Result "1-0"]
[WhiteElo "2038"]
[BlackElo "1793"]
[TimeControl "180+2"]
[EndTime "12:42:41 PDT"]
[Termination "MrHenriksson won on time"]

1. d4 d5 2. Nf3 Nf6 3. g3 e6 4.
Bg2 c5 5. O-O Nc6 6. c4 Be7 7.
dxc5 Bxc5 8. Nc3 O-O 9. Bg5 h6 10. Bxf6 Qxf6 11. cxd5 exd5 12. Qxd5 Bb6 13. Qh5 Bf5 14.
Nd5 Qg6 15. Qxg6 Bxg6 16. Nxb6 axb6 17. Rfd1 Rfd8 18. a3 Bc2 19. Rdc1 Bb3 20. e3 Rd6 21.
Rc3 Be6 22. h4 g6 23. Ne1 Rad8 24. Bf3 Rd2 25. b4 Bd5 26. Bxd5 R8xd5 27. Nf3 Rb2 28. Rac1 Kg7 29. Kg2 Kf6 30. R1c2 Rxc2 31. Rxc2 Rd3 32. b5 Na5 33. Rd2 Rxa3 34. Rd6+ Ke7 35. Rxb6 Ra2 36. h5 g5 37. Rxh6 Nc4 38. Nxg5 Nxe3+ 39. Kf3 Nf5 40. Rh7 Nd4+ 41. Kg2 Nxb5 42. Rxf7+ Ke8 43. h6 Nd6 44. h7 Nxf7 45. Nxf7 Kxf7 46. h8=Q Ra6 47. Qh7+ 1-0

[Event "*** Titled Tuesday 3|2 Blitz"]
[Site "Chess.com"]
[Date "2015.06.02"]
[Round "8"]
[White "MFBerna"]
[Black "GregShahade"]
[Result "1-0"]
[WhiteElo "2031"]
[BlackElo "2299"]
[TimeControl "180+2"]
[EndTime "12:42:52 PDT"]
[Termination "MFBerna won by resignation"]

1. e4 e5 2. Nf3 Nc6 3. Bb5 a6 4. Ba4 Nf6 5. O-O Be7 6. Re1 b5 7. Bb3 d6 8. c3 O-O 9. h3 Na5 10. Bc2 c5 11. d4 Qc7 12. Nbd2 Bd7 13. Nf1 Nc4 14. b3 Nb6 15. Ng3 c4 16. Bd2 a5 17.
Nh4 Rfe8 18. Nhf5 Bd8 19. Qf3 Bxf5 20. Nxf5 Nbd7 21. bxc4 bxc4 22. Ba4 Rf8 23. Qg3 Nh5 24. Qf3 Nhf6 25. Bh6 Ne8 26. Bxd7 Qxd7 27. Bxg7 Qe6 28.
Bxf8 Kxf8 29. Rab1 a4 30. Rb7 Bf6 31. d5 Qc8 32. Reb1 a3 33. Qh5 Nc7 34. Nxd6 Qd7 35. Qxf7+ Qxf7 36. Nxf7 Kxf7 37. Rxc7+ Kg6 38. Rxc4 Kg5 39.
Rc7 Kf4 40. d6 Kxe4 41. Rd1 Rb8 42. d7 Rb2 43. Rc6 Bd8 44. Rc4+ Kf5 45. Rc8 Bg5 46.
Rg8 Be7 47. Re8 Bg5 48. g3 Rxa2 49. h4 Bf6 50. Rf8 1-0

[Event "*** Titled Tuesday 3|2 Blitz"]
[Site "Chess.com"]
[Date "2015.06.02"]
[Round "8"]
[White "Recombinant"]
[Black "PowerThinking2650"]
[Result "1-0"]
[WhiteElo "2122"]
[BlackElo "2064"]
[TimeControl "180+2"]
[EndTime "12:42:53 PDT"]
[Termination "Recombinant won by resignation"]

1. d4 Nf6 2. c4 g6 3. Nc3 Bg7 4. Nf3 O-O 5. Bg5 c5 6. d5 e6 7.
e3 Qa5 8. Nd2 b5 9. dxe6 fxe6 10. cxb5 d5 11. e4 Bb7 12. Be2 Nbd7 13. O-O c4 14.
Bf3 Ne5 15. exd5 exd5 16. Kh1 Nd3 17. Bxf6 Bxf6 18. Nxd5 Qxb5 19. Nc7 Bxf3 20. Qxf3 Qxb2 21. Nxc4 Qxa1 22. Rxa1 Nxf2+ 23. Qxf2 Bxa1 24. Qe2 Rad8 25. g3 Kh8 26. Qe1 Bg7 27. Kg2 Rd7 28. Nb5 Rd5 29. Ncd6 Rdf5 30. Nxf5 gxf5 31. Qe7 f4 32. gxf4 Rxf4 33. Qd8+ Rf8 34. Qd5 a6 35. Nc7 Bf6 36. Ne6 Rg8+ 37. Kf3 Re8 38. Qd7 Rg8 39. Qf7 Bc3 40.
h4 h6 41. Qh5 Kh7 42. Ng5+ Rxg5 43. hxg5 Bg7 44. g6+ Kg8 45. Qf5 h5 46. Qf7+ 1-0

[Event "*** Titled Tuesday 3|2 Blitz"]
[Site "Chess.com"]
[Date "2015.06.02"]
[Round "8"]
[White "goldaxe"]
[Black "only_defence"]
[Result "0-1"]
[WhiteElo "2144"]
[BlackElo "2186"]
[TimeControl "180+2"]
[EndTime "12:42:55 PDT"]
[Termination "only_defence won by resignation"]

1. e4 e6 2. d4 d5 3. Nc3 Bb4 4.
e5 Qd7 5. Qg4 f5 6. Qg3 b6 7.
Nh3 Ba6 8. Bxa6 Nxa6 9. Nf4 O-O-O 10. h4 g6 11. h5 Ne7 12. Bd2 Bxc3 13. Bxc3 Rdg8 14. hxg6 hxg6 15. O-O-O c5 16. Rxh8 Rxh8 17. Nxg6 Nxg6 18. Qxg6 Nc7 19. dxc5 bxc5 20. Ba5 Ne8 21. b3 Rh7 22. g3 Kb7 23. Kb2 Rg7 24. Qh5 Rh7 25.
Qe2 a6 26. c4 d4 27. Qf3+ Qc6 28. Qxc6+ Kxc6 29. a3 Rh2 30. Rd2 Ng7 31. b4 Nh5 32. Kb3 Nxg3 33. b5+ axb5 34. fxg3 Rh3 35. Rd3 f4 36.
Be1 Rh1 37. Bf2 bxc4+ 38. Kxc4 Rc1+ 39. Kb3 c4+ 40. Kb2 Rf1 41. Rxd4 Rxf2+ 42. Kc3 fxg3 43. Rxc4+ Kd5 44. Rg4 g2 45. Rg5 Ke4 46. a4 Kf4 47. Rg8 Rf3+ 48. Kd4 Rg3 49. Rf8+ Kg4 50. Rg8+ Kf3 51.
Rf8+ Ke2 52. Rf1 gxf1=Q 0-1

[Event "*** Titled Tuesday 3|2 Blitz"]
[Site "Chess.com"]
[Date "2015.06.02"]
[Round "8"]
[White "MattyDPerrine"]
[Black "Danirod"]
[Result "1-0"]
[WhiteElo "2259"]
[BlackElo "2386"]
[TimeControl "180+2"]
[EndTime "12:42:56 PDT"]
[Termination "MattyDPerrine won by resignation"]

1. d4 Nf6 2. Nf3 e6 3. c4 Bb4+ 4. Nc3 c5 5. dxc5 Na6 6. Qc2 Nxc5 7. g3 b6 8. Bg2 Bb7 9. O-O Bxc3 10. Qxc3 Rc8 11. b3 O-O 12. Bb2 Nce4 13. Qd4 d5 14. cxd5 Qxd5 15. Rac1 Rfd8 16. Qxd5 Bxd5 17. Rfd1 Kf8 18. Ne5 Ke8 19. f3 Nc5 20. e4 Bb7 21. Bf1 Rxd1 22. Rxd1 Ke7 23. Ba3 g5 24. g4 Rc7 25.
Bc1 h6 26. h4 Ne8 27. hxg5 hxg5 28. Bxg5+ f6 29. Bh4 Na6 30. Nc4 Nb4 31. a3 Nc6 32. Bg3 Rc8 33. Be2 e5 34. Bf2 b5 35.
Bc5+ Ke6 36. Nd6 Nxd6 37. Rxd6+ Kf7 38. Rd7+ Kg6 39. Rxb7 Nd4 40. Bxd4 exd4 41. Bd3 Rc3 42. Bxb5 Rxf3 43. Kg2 Rc3 44. Kf2 Kg5 45. Rg7+ Kf4 46. Rf7 Rc2+ 47. Kf1 Ke5 48. Bd3 Rc3 49. Ke2 Rxb3 50.
Rxa7 Rb2+ 51. Kf3 Rb3 52. Ke2 Rb2+ 53. Ke1 Rb3 54. Kd2 Rb2+ 55. Bc2 Ra2 56. Ra5+ Kf4 57. Rf5+ Kxg4 58. Rxf6 Rxa3 59. Rd6 Kf4 60. Rxd4 Ke5 61. Rd5+ Ke6 62. Bd3 Ra1 63. Ke3 Re1+ 64. Kd4 Ra1 65. Re5+ Kd6 66. Rh5 Ra4+ 67. Bc4 Ra1 68. Rh6+ Ke7 69.
Ke5 Ra5+ 70. Bd5 Rb5 71. Rh7+ Kf8 72. Kf6 Rb6+ 73. Be6 1-0

[Event "*** Titled Tuesday 3|2 Blitz"]
[Site "Chess.com"]
[Date "2015.06.02"]
[Round "8"]
[White "Daniel_Fridman"]
[Black "wonderfultime"]
[Result "1-0"]
[WhiteElo "2544"]
[BlackElo "2511"]
[TimeControl "180+2"]
[EndTime "12:42:57 PDT"]
[Termination "Daniel_Fridman won by resignation"]

1. Nf3 Nf6 2. c4 c6 3. g3 d5 4. Bg2 Bf5 5. cxd5 cxd5 6. Qb3 Qc8 7. Nc3 e6 8. O-O Nc6 9. d3 Be7 10. Bf4 O-O 11. Rac1 Qd7 12. Nb5 Rfc8 13. Nbd4 Nxd4 14. Nxd4 Bg6 15. Nf3 b6 16. Ne5 Qe8 17. h3 Nd7 18. Nxg6 hxg6 19. d4 Nf6 20. Rfd1 Rxc1 21. Rxc1 Rc8 22.
Bf1 Ne4 23. Qd1 Bd6 24. Bxd6 Nxd6 25. e3 Rxc1 26. Qxc1 Qd7 27. Ba6 Qa4 28. Bd3 Qxa2 29. Qc6 Qb3 30. Bxg6 fxg6 31. Qxd6 Kf7 32. Qd7+ Kf6 33.
Qe8 g5 34. Qf8+ Kg6 35. Qe7 Kf5 36. Qxg7 Ke4 37. Qg6+ Kf3 38. Qh5+ Ke4 39. Kg2 Kd3 40.
Qxg5 Ke2 41. h4 Ke1 42. h5 Qxb2 43. Qf6 Qe2 44. h6 Qf1+ 45. Kh2 Qe2 46. h7 Qh5+ 47.
Qh4 Qf3 48. g4 1-0

[Event "*** Titled Tuesday 3|2 Blitz"]
[Site "Chess.com"]
[Date "2015.06.02"]
[Round "8"]
[White "ChadaevNikolay"]
[Black "DanielNaroditsky"]
[Result "1-0"]
[WhiteElo "2615"]
[BlackElo "2536"]
[TimeControl "180+2"]
[EndTime "12:43:09 PDT"]
[Termination "ChadaevNikolay won by resignation"]

1. e4 Nf6 2. e5 Nd5 3. d4 d6 4. Nf3 Bg4 5. Be2 e6 6. O-O Nd7 7. exd6 Bxd6 8. h3 Bh5 9. Re1 O-O 10. c4 N5f6 11. Nc3 c6 12. Be3 Qa5 13. a3 Rad8 14.
b4 Qc7 15. Qc2 Bg6 16. Qb2 e5 17. c5 Be7 18. dxe5 Nxe5 19. Nxe5 Qxe5 20. Bf3 Rd3 21. Rac1 Rfd8 22. Qb3 Ne4 23. Bxe4 Bxe4 24. Qc4 Bg6 25. Bf4 Qf6 26. Bg3 h5 27. Ne4 Bxe4 28. Qxe4 Bf8 29. Re3 Rxe3 30. Qxe3 h4 31. Bf4 Rd5 32. Re1 Rf5 33.
Bb8 a6 34. Qe8 Rd5 35. Bd6 Rxd6 36. cxd6 Qxd6 37. Qe4 g5 38. Qe5 Qd2 39. Qe3 Qd5 40. Qe2 Bd6 41. Rd1 Qe5 42. Qxe5 Bxe5 43. Rd7 Bb2 44. Rxb7 Bxa3 45. Rb6 c5 46. bxc5 Bxc5 47. Rxa6 Bd4 48. Kf1 Kg7 49. Ke2 f6 50. f4 gxf4 51. Kf3 Be3 52. Kg4 Kg6 53. Kxh4 Bf2+ 54. Kg4 Bg3 55.
h4 Bh2 56. h5+ Kg7 57. Ra7+ Kh6 58. Rf7 f5+ 1-0

[Event "*** Titled Tuesday 3|2 Blitz"]
[Site "Chess.com"]
[Date "2015.06.02"]
[Round "8"]
[White "Schemato"]
[Black "AnastasiaProtopopova"]
[Result "1-0"]
[WhiteElo "2045"]
[BlackElo "1864"]
[TimeControl "180+2"]
[EndTime "12:43:17 PDT"]
[Termination "Schemato won on time"]

1. c4 e5 2. g3 Nf6 3. Bg2 d5 4. cxd5 Nxd5 5. Nf3 Nc6 6. O-O Be7 7. d4 e4 8. Ne5 Nxe5 9. dxe5 Bf5 10. Bxe4 Bxe4 11. Qa4+ c6 12. Qxe4 O-O 13. Rd1 Qb6 14. Nd2 Bc5 15.
Qf3 Qb5 16. Ne4 Bb6 17. Nd6 Qa4 18. e4 Nc7 19. b3 Qa6 20. Nc4 Bc5 21. Be3 Bb4 22.
a4 Ne6 23. Rd7 b5 24. Nd6 Bc3 25. Rd1 Bxe5 26. Nxf7 Bf6 27. Qg4 c5 28. Nh6+ Kh8 29.
axb5 Qb6 30. Nf7+ Kg8 31. R1d6 h5 32. Qxe6 Rae8 33. Qd5 Qxb5 34. Ng5+ Kh8 35. Ne6 Rg8 36. e5 Be7 37. Rc6 Qe2 38. Rcc7 h4 39. gxh4 Qg4+ 40. Kf1 Qh3+ 41. Ke1 Qxh4 42. Nf4 Qg5 43. e6 Bf6 44. Qxg5 Bxg5 45. e7 1-0

[Event "*** Titled Tuesday 3|2 Blitz"]
[Site "Chess.com"]
[Date "2015.06.02"]
[Round "8"]
[White "kesarev"]
[Black "stepanosinovsky"]
[Result "0-1"]
[WhiteElo "2148"]
[BlackElo "2292"]
[TimeControl "180+2"]
[EndTime "12:43:43 PDT"]
[Termination "stepanosinovsky won by resignation"]

1. Nf3 Nc6 2. d4 d6 3. h3 e5 4. d5 Nce7 5. e4 g6 6. Bb5+ c6 7. Ba4 Nf6 8. Nc3 b5 9. Bb3 c5 10. Nxb5 Nxe4 11. O-O a6 12. Nc3 Nxc3 13. bxc3 Bd7 14. Nxe5 dxe5 15. d6 Bg7 16. dxe7 Qxe7 17. Qd5 O-O 18. Be3 Rac8 19. Rad1 Be6 20. Qd6 Qxd6 21.
Rxd6 c4 22. Ba4 Rfd8 23. Rfd1 Bf6 24. Rxd8+ Rxd8 25. Rxd8+ Bxd8 26. Bc5 Ba5 27. Bb4 Bc7 28. Bc6 f5 29. Kf1 Kf7 30. Bb7 a5 31. Bc5 Kf6 32. Ke2 h5 33. h4 Bd8 34. Be3 f4 35. Bc5 Bg4+ 36. Ke1 Bf5 37. Bd5 Be6 38. Be4 Kf7 39.
g3 g5 40. Bd6 gxh4 41. gxh4 Bxh4 42. Bxe5 Bg5 43. Kf1 h4 44. Kg2 Ke7 45. Kf3 h3 46. Bxf4 Bh4 47. Bg3 Bf6 48. Ke2 Bxc3 49. f4 Bg4+ 50.
Kf2 Bd4+ 51. Kf1 Kf6 52. Bh4+ Ke6 53. Bf2 Bc3 54. Kg1 Bd2 55. Bg3 Bf5 56. Bxf5+ Kxf5 57. Kh2 Bxf4 0-1

[Event "*** Titled Tuesday 3|2 Blitz"]
[Site "Chess.com"]
[Date "2015.06.02"]
[Round "8"]
[White "ilmago"]
[Black "alexsuper1987"]
[Result "1-0"]
[WhiteElo "1886"]
[BlackElo "2043"]
[TimeControl "180+2"]
[EndTime "12:43:50 PDT"]
[Termination "ilmago won by checkmate"]

1. e4 Nc6 2. d4 d5 3. Nc3 e6 4.
e5 Nge7 5. f4 Nf5 6. Nf3 h5 7.
g3 b6 8. Bb5 Bd7 9. O-O Ncxd4 10. Bxd7+ Qxd7 11. Nxd4 Nxd4 12. Be3 Nf5 13. Bf2 Bc5 14.
Bxc5 bxc5 15. Qe2 c4 16. Rad1 c5 17. Qf2 Rc8 18. h3 h4 19. g4 Ng3 20. Rfe1 d4 21. Ne4 Nxe4 22. Rxe4 Qd5 23. Re2 d3 24. Red2 Rd8 25. cxd3 cxd3 26. Rxd3 Qxd3 27. Rxd3 Rxd3 28. Qxc5 Rd8 29. Qxa7 O-O 30. Qe7 Rd2 31. Qb4 Rfd8 32.
a4 R8d4 33. Qc3 R4d3 34. Qc8+ Kh7 35. a5 Rxb2 36. Qc1 Rg3+ 37. Kf1 Rgb3 38. Qc6 Rxh3 39.
a6 Rhh2 40. Qe4+ g6 41. a7 Rhf2+ 42. Ke1 h3 43. a8=Q h2 44. Qf8 Rxf4 45. Qea8 Rb1+ 46. Kd2 Rf2+ 47. Kc3 Rc1+ 48. Kd4 Rd1+ 49. Ke3 Rf3+ 50. Qxf3 h1=Q 51. Q3xf7# 1-0

[Event "*** Titled Tuesday 3|2 Blitz"]
[Site "Chess.com"]
[Date "2015.06.02"]
[Round "8"]
[White "MinhGTrAn"]
[Black "VSERGUEI"]
[Result "0-1"]
[WhiteElo "2556"]
[BlackElo "2514"]
[TimeControl "180+2"]
[EndTime "12:44:13 PDT"]
[Termination "VSERGUEI won by resignation"]

1. d4 d5 2. c4 c6 3. Nc3 Nf6 4. cxd5 cxd5 5. Bf4 Nc6 6. e3 a6 7. Rc1 Bg4 8. f3 Bd7 9. g4 e6 10. Bd3 Be7 11. h4 Rc8 12. h5 h6 13. Nge2 Na5 14.
Kf2 b5 15. b3 Ba3 16. Rc2 Nc6 17. Nb1 Be7 18. a3 Na5 19. Be5 Rc6 20. Nf4 Qb6 21. Re1 O-O 22. Rg1 Rfc8 23. Kf1 Kf8 24. g5 hxg5 25.
Rxg5 Rxc2 26. Bxc2 Nc6 27. Nd3 Nxe5 28. Nxe5 Qc7 29.
Rg2 Nxh5 30. Bd3 Qc1 31. Ke2 Be8 32. Qxc1 Rxc1 33. Rh2 g6 34. b4 Kg7 35. Kd2 Rg1 36. Nc3 f6 37. Ng4 Bd6 38. Rf2 Ra1 39. Kc2 Rxa3 40. Rg2 Bxb4 41. Nd1 Ra2+ 42. Nb2 Ba3 43. Kb3 Rxb2+ 44. Rxb2 Bxb2 45. Kxb2 a5 46. Kb3 Ng3 47. Nf2 Nf5 48. Nd1 Kh6 49. Be2 Kg5 50. Kc3 Kh4 51. e4 Ne7 52. Kd3 Kg3 53. Ke3 b4 54. Nf2 a4 55. f4 a3 56. Nh1+ Kh2 57. Bf3 dxe4 58. Bxe4 Bc6 59. Nf2 Bxe4 60. Nxe4 a2 61. Nxf6 Nd5+ 62.
Nxd5 exd5 63. Kf3 a1=Q 64. Kg4 0-1

[Event "*** Titled Tuesday 3|2 Blitz"]
[Site "Chess.com"]
[Date "2015.06.02"]
[Round "9"]
[White "Tilicheev_Viacheslav"]
[Black "Tal-Baronfew"]
[Result "1/2-1/2"]
[WhiteElo "2463"]
[BlackElo "2613"]
[TimeControl "180+2"]
[EndTime "12:47:55 PDT"]
[Termination "Game drawn by agreement"]

1. e4 e5 2. Nf3 Nc6 3. Nc3 Nf6 4. Bb5 Nd4 5. Bc4 Bc5 6. Nxe5 Qe7 7. Nf3 d5 8. Bxd5 Bg4 9. d3 Nd7 10. Be3 Ne5 11.
Bxd4 Bxd4 12. Bxb7 Rb8 13. Nd5 Bxf3 14. Nxe7 Bxd1 15.
Nc6 Rxb7 16. Nxd4 Bh5 17. f4 Nd7 18. b3 1/2-1/2

[Event "*** Titled Tuesday 3|2 Blitz"]
[Site "Chess.com"]
[Date "2015.06.02"]
[Round "9"]
[White "Daniel_Fridman"]
[Black "Konavets"]
[Result "1-0"]
[WhiteElo "2554"]
[BlackElo "2462"]
[TimeControl "180+2"]
[EndTime "12:48:54 PDT"]
[Termination "Daniel_Fridman won by resignation"]

1. d4 Nf6 2. c4 e6 3. Nc3 Bb4 4.
Qc2 O-O 5. e4 d5 6. e5 Ne4 7. a3 Bxc3+ 8. bxc3 c5 9. Bd3 cxd4 10.
cxd4 Nc6 11. Ne2 f6 12. cxd5 exd5 13. O-O fxe5 14. dxe5 Nxe5 15. Bxe4 dxe4 16. Qxe4 Nc6 17. Bb2 Bf5 18. Qc4+ Kh8 19. Rad1 Qg5 20. Ng3 Bg6 21. f4 Qh5 22. Nxh5 Bf7 23. Qc3 1-0

[Event "*** Titled Tuesday 3|2 Blitz"]
[Site "Chess.com"]
[Date "2015.06.02"]
[Round "9"]
[White "zmaj23"]
[Black "Cruel_Yaro"]
[Result "1-0"]
[WhiteElo "2432"]
[BlackElo "2528"]
[TimeControl "180+2"]
[EndTime "12:48:56 PDT"]
[Termination "zmaj23 won by resignation"]

1. e4 e6 2. d4 d5 3. Nc3 Bb4 4. e5 Qd7 5. a3 Bxc3+ 6. bxc3 b6 7. Qg4 f6 8. Nf3 Ba6 9. Bxa6 Nxa6 10. O-O f5 11. Qg3 Nb8 12. c4 dxc4 13. d5 Ne7 14. Qxg7 Rg8 15. Qxh7 Qxd5 16. Bg5 Nbc6 17. Rad1 Qe4 18.
Rfe1 Qxc2 19. Nd4 1-0

[Event "*** Titled Tuesday 3|2 Blitz"]
[Site "Chess.com"]
[Date "2015.06.02"]
[Round "9"]
[White "Keaton87"]
[Black "Colombiano07"]
[Result "0-1"]
[WhiteElo "2388"]
[BlackElo "2037"]
[TimeControl "180+2"]
[EndTime "12:50:25 PDT"]
[Termination "Colombiano07 won by resignation"]

1. d4 e6 2. e4 d5 3. Nd2 Nf6 4. e5 Ng8 5. Bd3 c5 6. c3 Qb6 7. Ne2 Nc6 8. Nf3 Nge7 9. O-O cxd4 10. cxd4 Nf5 11. Bb1 Be7 12. b3 O-O 13. g4 Nh4 14. Nxh4 Bxh4 15. Be3 Be7 16. Kg2 f6 17. exf6 Bxf6 18. Qd3 g6 19. h4 Qd8 20. h5 e5 21.
hxg6 e4 22. gxh7+ Kh8 23. Qd2 Bxg4 24. Rg1 Rf7 25. Nf4 Rg7 26. Kf1 Qb6 27. Rxg4 Rxg4 28. Qe2 Rxf4 29. Bxf4 Qxd4 30. Qg4 Qxa1 31. Kg2 Qxb1 32.
Qg6 Qb2 33. Bh6 Ne7 34. Qf7 Qe5 0-1

[Event "*** Titled Tuesday 3|2 Blitz"]
[Site "Chess.com"]
[Date "2015.06.02"]
[Round "9"]
[White "facu57"]
[Black "megarompa"]
[Result "0-1"]
[WhiteElo "2220"]
[BlackElo "2696"]
[TimeControl "180+2"]
[EndTime "12:50:52 PDT"]
[Termination "megarompa won by resignation"]

1. e4 e5 2. Nf3 Nc6 3. Bc4 Nf6 4. d3 Be7 5. O-O O-O 6. Nc3 d6 7. h3 Be6 8. Bb3 Nd7 9. Re1 Nc5 10. d4 exd4 11.
Nxd4 Nxd4 12. Qxd4 Bf6 13. Qd2 Re8 14. f3 a5 15. Bxe6 Nxe6 16. Qf2 c6 17. Rd1 a4 18. a3 Be5 19. Ne2 Qe7 20. c3 Nc5 21. Be3 g6 22. Bxc5 dxc5 23. Rd2 Rad8 24. Rad1 Bc7 25. Nc1 Bf4 26.
Rxd8 Rxd8 27. Rxd8+ Qxd8 28. Qc2 c4 29. Ne2 Be3+ 30.
Kh2 Qd3 31. Nd4 Bxd4 32. Qxa4 Be5+ 33. Kg1 Qe3+ 34. Kf1 Bg3 35. Qc2 b5 0-1

[Event "*** Titled Tuesday 3|2 Blitz"]
[Site "Chess.com"]
[Date "2015.06.02"]
[Round "9"]
[White "PowerThinking2650"]
[Black "GregShahade"]
[Result "0-1"]
[WhiteElo "2060"]
[BlackElo "2304"]
[TimeControl "180+2"]
[EndTime "12:51:01 PDT"]
[Termination "GregShahade won by resignation"]

1. e4 e5 2. Nf3 Nc6 3. d4 exd4 4. Nxd4 Nf6 5. Nxc6 bxc6 6. e5 Qe7 7. Qe2 Nd5 8.
c4 Nb6 9. Nc3 a5 10. Qe4 g6 11.
Bd3 Bg7 12. f4 O-O 13. O-O Ba6 14. b3 d6 15. Ba3 c5 16. Rae1 Rfe8 17. exd6 Qd7 18.
dxc7 Rxe4 19. Nxe4 Qxd3 20. Nxc5 Bd4+ 21. Kh1 Bxc5 22.
Bxc5 Nd7 23. Rd1 Qf5 24. Rd5 Qxd5 25. cxd5 Bxf1 26. Ba7 Ba6 0-1

[Event "*** Titled Tuesday 3|2 Blitz"]
[Site "Chess.com"]
[Date "2015.06.02"]
[Round "9"]
[White "VSERGUEI"]
[Black "ChadaevNikolay"]
[Result "1-0"]
[WhiteElo "2534"]
[BlackElo "2586"]
[TimeControl "180+2"]
[EndTime "12:51:44 PDT"]
[Termination "VSERGUEI won by resignation"]

1. d4 Nf6 2. c4 e6 3. Nc3 Bb4 4. f3 c5 5. d5 O-O 6. e4 d6 7. Ne2 b5 8. Ng3 a6 9. a4 bxc4 10.
Bxc4 exd5 11. Bxd5 Nxd5 12. Qxd5 Ra7 13. Bf4 Be6 14.
Qxd6 Rd7 15. Qxb8 Qxb8 16. Bxb8 Rxb8 17. O-O Rd2 18. Rf2 Rd3 19. Rc1 c4 20. Kf1 Bc5 21. Re2 g6 22. Nh1 h5 23. Nf2 Rd7 24. Rd1 Rxd1+ 25.
Nfxd1 Kf8 26. Ke1 Ke7 27. Kd2 h4 28. Kc2 Bd6 29. h3 Be5 30. Ne3 Bd4 31. Ncd5+ Bxd5 32.
Nxd5+ Kd6 33. Nc3 Kc5 34. Rd2 Rb4 35. a5 g5 36. Rd1 f6 37. Rd2 Bxc3 38. bxc3 Ra4 39.
Rd5+ Kc6 40. Kb2 Kc7 41. e5 fxe5 42. Rxe5 Kd6 43. Rxg5 Ke7 44. Rh5 Kf6 45. Rxh4 Rxa5 46. Rxc4 Re5 47. Rg4 a5 48. Kb3 Rb5+ 49. Ka4 Rc5 50. c4 Kf7 51. h4 Kf6 52. Kb3 Re5 53. Rg5 Re2 54. c5 1-0

[Event "*** Titled Tuesday 3|2 Blitz"]
[Site "Chess.com"]
[Date "2015.06.02"]
[Round "9"]
[White "9ShMat2"]
[Black "Hikaru"]
[Result "1-0"]
[WhiteElo "2530"]
[BlackElo "2800"]
[TimeControl "180+2"]
[EndTime "12:51:51 PDT"]
[Termination "9ShMat2 won on time"]

1. e4 c5 2. c3 Nf6 3. e5 Nd5 4. d4 cxd4 5. Nf3 Nc6 6. cxd4 d6 7. Bc4 Nb6 8. Bb5 dxe5 9. Nxe5 Bd7 10. Nc3 Nxe5 11.
dxe5 Bxb5 12. Nxb5 Qxd1+ 13. Kxd1 Rd8+ 14. Ke2 a6 15.
Nc7+ Kd7 16. Be3 Nc4 17. Rac1 b5 18. Nxa6 Ra8 19. Rhd1+ Kc8 20. Rd5 Rxa6 21. Rxb5 Rc6 22. b3 Nxe3 23. Rxc6+ Kd7 24. Ra6 Nf5 25. Rb7+ Kc8 26.
Raa7 g6 27. Rc7+ Kb8 28. Rab7+ Ka8 29. a4 Nd4+ 30. Kd3 Nc6 31. Rb5 1-0

[Event "*** Titled Tuesday 3|2 Blitz"]
[Site "Chess.com"]
[Date "2015.06.02"]
[Round "9"]
[White "Philofive"]
[Black "Danirod"]
[Result "1/2-1/2"]
[WhiteElo "2237"]
[BlackElo "2383"]
[TimeControl "180+2"]
[EndTime "12:51:51 PDT"]
[Termination "Game drawn by repetition"]

1. d4 Nf6 2. Bg5 d5 3. e3 Bf5 4.
c4 c6 5. Qb3 Qb6 6. Bxf6 Qxb3 7.
axb3 gxf6 8. Nc3 e6 9. c5 Nd7 10. b4 a6 11. b5 cxb5 12. Nxb5 Rc8 13. Nc3 Nb8 14. b4 Be7 15. b5 axb5 16. Bxb5+ Nc6 17.
Nge2 Rg8 18. Ng3 Bg6 19. Kd2 Kd7 20. Ra4 Ra8 21. Rha1 Rxa4 22. Nxa4 Kc7 23. Nb6 h5 24. Ne2 h4 25. Na8+ Kb8 26. Nb6 Kc7 27. Na8+ Kb8 28. g3 hxg3 29. hxg3 Rh8 30. Nb6 Kc7 31. Na8+ Kb8 32.
Nb6 Kc7 33. Nf4 Bf5 34. Na8+ Kb8 35. Nb6 Kc7 36. Na8+ Kb8 37. Nb6 Kc7 38. Na8+ Kb8 39.
Nb6 Kc7 40. Ra8 Rxa8 41. Nxa8+ Kb8 42. Nb6 Kc7 43. Na8+ Kb8 44. Nb6 Kc7 45. Na8+ 1/2-1/2

[Event "*** Titled Tuesday 3|2 Blitz"]
[Site "Chess.com"]
[Date "2015.06.02"]
[Round "9"]
[White "David_Klein"]
[Black "Zvonokchess"]
[Result "1-0"]
[WhiteElo "2282"]
[BlackElo "2474"]
[TimeControl "180+2"]
[EndTime "12:51:53 PDT"]
[Termination "David_Klein won by checkmate"]

1. e4 e5 2. Nf3 Nc6 3. Bb5 Nf6 4. d3 Bc5 5. c3 O-O 6. Nbd2 d6 7. O-O a6 8. Ba4 Bg4 9. Re1 Ne7 10. Nf1 Ng6 11.
h3 Bd7 12. Bc2 Nf4 13. d4 Bb6 14. dxe5 N6h5 15. Bxf4 Nxf4 16. Qd2 Ng6 17. exd6 cxd6 18. Rad1 Bc6 19. Qxd6 Qc8 20. Bb3 Bc7 21. Qd3 Nf4 22. Qe3 Re8 23. e5 Nxh3+ 24. gxh3 Qxh3 25. Ng3 Rxe5 26. Bxf7+ Kh8 27. Qd3 Rh5 28. Bxh5 Bxg3 29. Qd8+ Be8 30. Rxe8# 1-0

[Event "*** Titled Tuesday 3|2 Blitz"]
[Site "Chess.com"]
[Date "2015.06.02"]
[Round "9"]
[White "WanderingPuppet"]
[Black "MrHenriksson"]
[Result "1-0"]
[WhiteElo "2111"]
[BlackElo "2031"]
[TimeControl "180+2"]
[EndTime "12:52:13 PDT"]
[Termination "WanderingPuppet won on time"]

1. e4 c6 2. Nc3 d5 3. Nf3 Bg4 4. d4 Nf6 5. e5 Ne4 6. Bd3 Nxc3 7. bxc3 e6 8. O-O c5 9. h3 Bxf3 10.
Qxf3 Nc6 11. Rb1 Rb8 12. c4 Nxd4 13. Qg4 h5 14. Qd1 dxc4 15. Bxc4 Nc6 16. Qe2 Be7 17. Rd1 Qc7 18. Bf4 g6 19. Qe4 O-O 20. Bxe6 Kh7 21.
Rd7 Qa5 22. Bb3 c4 23. Bxc4 Qa3 24. e6 fxe6 25. Bxb8 Nxb8 26. Bd3 1-0

[Event "*** Titled Tuesday 3|2 Blitz"]
[Site "Chess.com"]
[Date "2015.06.02"]
[Round "9"]
[White "oggy1984"]
[Black "TomsKantans"]
[Result "1-0"]
[WhiteElo "2325"]
[BlackElo "2256"]
[TimeControl "180+2"]
[EndTime "12:52:24 PDT"]
[Termination "oggy1984 won by resignation"]

1. d4 Nf6 2. c4 c5 3. d5 e6 4. Nf3 exd5 5. cxd5 d6 6. Nc3 g6 7. g3 Bg7 8. Bg2 O-O 9. O-O Re8 10. Nd2 a6 11. a4 Nbd7 12. h3 Rb8 13. a5 b5 14.
axb6 Nxb6 15. Qc2 Qc7 16. e4 Nfd7 17. Nd1 c4 18. Ne3 c3 19. bxc3 Qxc3 20. Ra2 Nc5 21. Ndc4 Nxc4 22. Nxc4 Qxc2 23. Rxc2 Bf8 24. f3 Bd7 25. Bf4 Ba4 26. Rc3 Red8 27. Nxd6 Bxd6 28. Bxd6 Nxe4 29. fxe4 Rxd6 30. e5 Rd7 31. d6 Re8 32. Rc5 Bb3 33. Rb1 Be6 34. Bc6 Rc8 35. Bxd7 Rxc5 36. Bxe6 fxe6 37. Rb8+ 1-0

[Event "*** Titled Tuesday 3|2 Blitz"]
[Site "Chess.com"]
[Date "2015.06.02"]
[Round "9"]
[White "Tirantes"]
[Black "Krutoy123"]
[Result "0-1"]
[WhiteElo "2236"]
[BlackElo "2155"]
[TimeControl "180+2"]
[EndTime "12:52:57 PDT"]
[Termination "Krutoy123 won by checkmate"]

1. c4 Nf6 2. Nc3 c5 3. Nf3 e6 4. g3 b6 5. Bg2 Bb7 6. O-O Be7 7.
Re1 O-O 8. e4 d6 9. d3 Nc6 10.
b3 Nd7 11. d4 cxd4 12. Nxd4 Nxd4 13. Qxd4 Bf6 14. Qd2 Qc8 15. Bb2 Rd8 16. Rac1 Ne5 17. f4 Nc6 18. Nd5 Bxb2 19. Qxb2 Qd7 20. Ne3 Rac8 21.
Red1 Qc7 22. Rd2 Rd7 23. Rcd1 Rcd8 24. b4 Ne7 25. a3 Bc6 26. Qb1 Bb7 27. Rd4 Nc6 28.
R4d3 Ne7 29. R3d2 a6 30. Qb2 b5 31. Rc1 bxc4 32. Nxc4 Qb8 33. Na5 Ba8 34. Rcd1 d5 35. e5 Rc8 36. Rc1 Qb6+ 37. Kh1 Rxc1+ 38. Qxc1 Rc7 39. Rc2 Rxc2 40. Qxc2 Qe3 41. h3 h5 42. Qc7 Nf5 43. Qd8+ Kh7 44. Qxa8 Nxg3+ 45. Kh2 Ne2 46. Qxa6 Qg1# 0-1